NWL (28 & UNDER)
SAN DIEGO SMASHERS @ BISMARK BORDER GUARDS
06/17/2030
 
TOP OF THE 1ST
San Diego Smashers batting - Pitching for Bismark Border Guards : LHP William Gordon
Pitching: LHP William Gordon
Batting: LHB Ryan Rheaume 0-0: Ball
1-0: Called Strike
1-1: Ball
2-1: Ground out 1-3 (Groundball, 13S)
Batting: RHB Gerald Davis 0-0: Ball
1-0: Ball
2-0: Ball
3-0: Called Strike
3-1: Foul Ball, location: 2F
3-2: Foul Ball, location: 2F
3-2: Foul Ball, location: 2F
3-2: Ground out 1-3 (Groundball, 13)
Batting: RHB Ramón Ramírez 0-0: Ball
1-0: Called Strike
1-1: Called Strike
1-2: Ball
2-2: Foul Ball, location: 2F
2-2: Ball
3-2: Foul Ball, location: 2F
3-2: Strikes out swinging
Top of the 1st over - 0 runs, 0 hits, 0 errors, 0 left on base; San Diego 0 - Bismark 0
BOTTOM OF THE 1ST
Bismark Border Guards batting - Pitching for San Diego Smashers : LHP José Hernando
Pitching: LHP José Hernando
Batting: RHB Leonard Harris 0-0: Called Strike
0-1: Ball
1-1: Foul Ball, location: 2F
1-2: Ball
2-2: SOLO HOME RUN (Flyball, 78XD), Distance : 404 ft
Batting: RHB Vincent Braun 0-0: Ball
1-0: Fly out, F6 (Popup, 6M)
Batting: RHB Enrique Mendoza 0-0: Ball
1-0: Swinging Strike
1-1: SOLO HOME RUN (Flyball, 9D), Distance : 363 ft
Batting: RHB Doug Williams 0-0: Called Strike
0-1: Ball
1-1: Foul Ball, location: 2F
1-2: Fly out, F8 (Flyball, 8RM)
Batting: RHB Albert Cordero 0-0: Called Strike
0-1: Ball
1-1: Called Strike
1-2: Ball
2-2: Ball
3-2: Base on Balls
Batting: RHB António Martínez 0-0: Ball
1-0: SINGLE (Groundball, 6MD)
Albert Cordero to second
Runner from 2nd tries for 3rd, OUT!
Bottom of the 1st over - 2 runs, 3 hits, 0 errors, 1 left on base; San Diego 0 - Bismark 2
TOP OF THE 2ND
San Diego Smashers batting - Pitching for Bismark Border Guards : LHP William Gordon
Batting: LHB Jon Rogers 0-0: Ball
1-0: Called Strike
1-1: Called Strike
1-2: Foul Ball, location: 2F
1-2: Strikes out swinging
Batting: RHB Ray Rogers 0-0: Called Strike
0-1: Ball
1-1: Ball
2-1: Foul Ball, location: 2F
2-2: Ball
3-2: Fly out, F5 (Line Drive, 5)
Batting: LHB Vernon Hill 0-0: Ball
1-0: Called Strike
1-1: Called Strike
1-2: Strikes out swinging
Top of the 2nd over - 0 runs, 0 hits, 0 errors, 0 left on base; San Diego 0 - Bismark 2
BOTTOM OF THE 2ND
Bismark Border Guards batting - Pitching for San Diego Smashers : LHP José Hernando
Batting: RHB Emílio Cervantes 0-0: Ball
1-0: Swinging Strike
1-1: Ball
2-1: Swinging Strike
2-2: Foul Ball, location: 2F
2-2: Strikes out swinging
Batting: RHB António Martínez 0-0: Foul Ball, location: 2F
0-1: Ground out 2-3 (Groundball, 15S)
Batting: LHB Manuel Pérez 0-0: Ball
1-0: Ball
2-0: Ground out 4-3 (Groundball, 4M)
Bottom of the 2nd over - 0 runs, 0 hits, 0 errors, 0 left on base; San Diego 0 - Bismark 2
TOP OF THE 3RD
San Diego Smashers batting - Pitching for Bismark Border Guards : LHP William Gordon
Batting: RHB Preston Wooten 0-0: Called Strike
0-1: Foul Ball, location: 2F
0-2: Strikes out looking
Batting: LHB Steven Smith 0-0: Ball
1-0: Ball
2-0: Ball
3-0: Called Strike
3-1: Foul Ball, location: 2F
3-2: Strikes out looking
Batting: LHB Nick Hill 0-0: Ball
1-0: Ball
2-0: Called Strike
2-1: Ground out 5-3 (Groundball, 56)
Top of the 3rd over - 0 runs, 0 hits, 0 errors, 0 left on base; San Diego 0 - Bismark 2
BOTTOM OF THE 3RD
Bismark Border Guards batting - Pitching for San Diego Smashers : LHP José Hernando
Batting: RHB Leonard Harris 0-0: SINGLE (Flyball, 78S)
Batting: RHB Vincent Braun 0-0: Ball
1-0: Called Strike
1-1: Fly out, F2 (Popup, 23F)
Batting: RHB Enrique Mendoza 0-0: Called Strike
0-1: Swinging Strike
0-2: Ball
1-2: Ball
2-2: Ground out 6-3 (Groundball, 6S)
Leonard Harris to second
Batting: RHB Doug Williams 0-0: Fly out, F8 (Flyball, 8LM)
Bottom of the 3rd over - 0 runs, 1 hit, 0 errors, 1 left on base; San Diego 0 - Bismark 2
TOP OF THE 4TH
San Diego Smashers batting - Pitching for Bismark Border Guards : LHP William Gordon
Batting: LHB Ryan Rheaume 0-0: Ball
1-0: Swinging Strike
1-1: Foul Ball, location: 2F
1-2: Ground out 4-3 (Groundball, 4S)
Batting: RHB Gerald Davis 0-0: SINGLE (Groundball, 4) (infield hit)
Batting: RHB Ramón Ramírez 0-0: Called Strike
0-1: Grounds into double play, 6-4-3 (Groundball, 6)
Top of the 4th over - 0 runs, 1 hit, 0 errors, 0 left on base; San Diego 0 - Bismark 2
BOTTOM OF THE 4TH
Bismark Border Guards batting - Pitching for San Diego Smashers : LHP José Hernando
Batting: RHB Albert Cordero 0-0: Ball
1-0: Called Strike
1-1: Ball
2-1: Ball
3-1: Called Strike
3-2: Fly out, F8 (Flyball, 8RXD)
Batting: RHB António Martínez 0-0: Foul Ball, location: 2F
0-1: Foul Ball, location: 2F
0-2: Ball
1-2: Ground out 1-3 (Groundball, P)
Batting: RHB Emílio Cervantes 0-0: Ball
1-0: SINGLE (Groundball, 56D)
Batting: RHB António Martínez 0-0: Ball
1-0: Foul Ball, location: 2F
1-1: Ball
2-1: Swinging Strike
2-2: Foul Ball, location: 2F
2-2: Foul Ball, location: 2F
2-2: Strikes out swinging
Bottom of the 4th over - 0 runs, 1 hit, 0 errors, 1 left on base; San Diego 0 - Bismark 2
TOP OF THE 5TH
San Diego Smashers batting - Pitching for Bismark Border Guards : LHP William Gordon
Batting: LHB Jon Rogers 0-0: Called Strike
0-1: Ball
1-1: Fly out, F8 (Flyball, 78M)
Batting: RHB Ray Rogers 0-0: Ball
1-0: Called Strike
1-1: SINGLE (Flyball, 7S)
Batting: LHB Vernon Hill 0-0: Foul Ball, location: 2F
0-1: Foul Ball, location: 2F
0-2: Ball
1-2: Ball
2-2: Fielders Choice at 2nd, 6-4 (Groundball, 6)
Batting: RHB Preston Wooten 0-0: Ball
1-0: Ball
2-0: Called Strike
2-1: Ball
3-1: Swinging Strike
3-2: Ground out 5-3 (Groundball, 56)
Top of the 5th over - 0 runs, 1 hit, 0 errors, 1 left on base; San Diego 0 - Bismark 2
BOTTOM OF THE 5TH
Bismark Border Guards batting - Pitching for San Diego Smashers : LHP José Hernando
Batting: LHB Manuel Pérez 0-0: Ball
1-0: SINGLE (Line Drive, 4M)
Batting: RHB Leonard Harris 0-0: SINGLE (Groundball, 6) (infield hit)
Manuel Pérez to second
Batting: RHB Vincent Braun 0-0: Ball
1-0: Ball
2-0: Foul Ball, location: 2F
2-1: Foul Ball, location: 2F
2-2: Ball
3-2: Base on Balls
Manuel Pérez to third
Leonard Harris to second
Batting: RHB Enrique Mendoza 0-0: Called Strike
0-1: Fly out, F4 (Popup, 4S)
Batting: RHB Doug Williams 0-0: Ball
1-0: Foul Ball, location: 2F
1-1: Ball
2-1: Foul Ball, location: 2F
2-2: Ball
3-2: Foul Ball, location: 2F
3-2: Strikes out swinging
Batting: RHB Albert Cordero 0-0: Swinging Strike
0-1: Swinging Strike
0-2: Foul Ball, location: 2F
0-2: Ball
1-2: Foul Ball, location: 2F
1-2: Strikes out swinging
Bottom of the 5th over - 0 runs, 2 hits, 0 errors, 3 left on base; San Diego 0 - Bismark 2
TOP OF THE 6TH
San Diego Smashers batting - Pitching for Bismark Border Guards : LHP William Gordon
Batting: LHB Steven Smith 0-0: Ball
1-0: Fly out, F6 (Line Drive, 6)
Batting: LHB Nick Hill 0-0: Called Strike
0-1: Ball
1-1: Called Strike
1-2: Ball
2-2: Foul Ball, location: 2F
2-2: Strikes out swinging
Batting: LHB Ryan Rheaume 0-0: Ball
1-0: Hit by Pitch
Pinch Runner at 1st Richard Brooks:
Batting: RHB Gerald Davis 0-0: Ball
1-0: Ball
2-0: SINGLE (Line Drive, 78S)
Richard Brooks to second
Pitching: RHP Jim Thompson
Batting: RHB Ramón Ramírez 0-0: Ball
1-0: Ball
2-0: Called Strike
2-1: Foul Ball, location: 2F
2-2: Ball
3-2: Strikes out swinging
Top of the 6th over - 0 runs, 1 hit, 0 errors, 2 left on base; San Diego 0 - Bismark 2
BOTTOM OF THE 6TH
Bismark Border Guards batting - Pitching for San Diego Smashers : LHP José Hernando
Now in RF: Richard Brooks
Batting: RHB António Martínez 0-0: Fly out, F8 (Flyball, 8LD)
Batting: RHB Emílio Cervantes 0-0: Ground out 6-3 (Groundball, 6)
Batting: RHB António Martínez 0-0: Ball
1-0: Ball
2-0: SINGLE (Line Drive, 8LS)
Batting: LHB Manuel Pérez 0-0: Ball
1-0: Swinging Strike
1-1: Called Strike
1-2: Ball
2-2: SINGLE (Line Drive, 4MD)
António Martínez to second
Batting: RHB Leonard Harris 0-0: SINGLE (Groundball, 34D)
António Martínez to third
Manuel Pérez to second
Runner from 3rd tries for Home, SAFE, throw made home
Batting: RHB Vincent Braun 0-0: Called Strike
0-1: SINGLE (Flyball, 78S)
Manuel Pérez to third
Leonard Harris to second
Runner from 3rd tries for Home, SAFE, throw made home
Batting: RHB Enrique Mendoza 0-0: SINGLE (Groundball, 56D)
Leonard Harris to third
Vincent Braun to second
Runner from 3rd tries for Home, SAFE, no throw
Pitching: RHP Andrés Franco
Batting: RHB Doug Williams 0-0: Called Strike
0-1: Ball
1-1: Foul Ball, location: 2F
1-2: Foul Ball, location: 2F
1-2: SINGLE (Line Drive, 8RS)
Vincent Braun to third
Enrique Mendoza to second
Runner from 3rd tries for Home, SAFE, no throw
Batting: RHB Albert Cordero 0-0: Ball
1-0: SINGLE (Groundball, 6MD)
Enrique Mendoza to third
Doug Williams to second
Runner from 3rd tries for Home, SAFE, throw made home
Batting: RHB António Martínez 0-0: Ball
1-0: Swinging Strike
1-1: Foul Ball, location: 2F
1-2: Foul Ball, location: 2F
1-2: Foul Ball, location: 2F
1-2: Ground out 4-3 (Groundball, 4M)
Bottom of the 6th over - 5 runs, 7 hits, 0 errors, 2 left on base; San Diego 0 - Bismark 7
TOP OF THE 7TH
San Diego Smashers batting - Pitching for Bismark Border Guards : RHP Jim Thompson
Batting: LHB Jon Rogers 0-0: Fly out, F5 (Popup, 5L)
Batting: RHB Ray Rogers 0-0: Swinging Strike
0-1: Swinging Strike
0-2: Foul Ball, location: 2F
0-2: Ball
1-2: Ball
2-2: Strikes out swinging
Batting: LHB Vernon Hill 0-0: Ball
1-0: Foul Ball, location: 2F
1-1: SOLO HOME RUN (Flyball, 9D), Distance : 380 ft
Batting: RHB Preston Wooten 0-0: Ball
1-0: Ball
2-0: Ball
3-0: Called Strike
3-1: Base on Balls
Batting: LHB Steven Smith 0-0: Ground out 4-3 (Groundball, 34)
Top of the 7th over - 1 run, 1 hit, 0 errors, 1 left on base; San Diego 1 - Bismark 7
BOTTOM OF THE 7TH
Bismark Border Guards batting - Pitching for San Diego Smashers : RHP Andrés Franco
Batting: RHB Emílio Cervantes 0-0: Ball
1-0: Ball
2-0: Ball
3-0: Base on Balls
Batting: RHB António Martínez 0-0: Ball
1-0: Foul Ball, location: 2F
1-1: Foul Ball, location: 2F
1-2: Ball
2-2: Foul Ball, location: 2F
2-2: Strikes out looking
Batting: LHB Manuel Pérez 0-0: Called Strike
0-1: Ball
1-1: Ball
2-1: Ball
3-1: Swinging Strike
3-2: Strikes out looking
Batting: RHB Leonard Harris 0-0: Swinging Strike
0-1: Ball
1-1: Ball
2-1: Foul Ball, location: 2F
2-2: Foul Ball, location: 2F
2-2: SINGLE (Line Drive, 78M)
Emílio Cervantes to second
Batting: RHB Vincent Braun 0-0: Swinging Strike
Passed Ball!
Emílio Cervantes to third
Leonard Harris to second
0-1: Swinging Strike
0-2: Foul Ball, location: 2F
0-2: Strikes out looking
Bottom of the 7th over - 0 runs, 1 hit, 0 errors, 2 left on base; San Diego 1 - Bismark 7
TOP OF THE 8TH
San Diego Smashers batting - Pitching for Bismark Border Guards : RHP Jim Thompson
Batting: LHB Nick Hill 0-0: Foul Ball, location: 2F
0-1: Ball
1-1: Ground out 6-3 (Groundball, 6M)
Batting: LHB Richard Brooks 0-0: Ball
1-0: SINGLE (Flyball, 3D)
Batting: RHB Gerald Davis 0-0: Ball
1-0: Swinging Strike
1-1: Fly out, F1 (Line Drive, 13)
Batting: RHB Ramón Ramírez 0-0: Called Strike
0-1: Ball
1-1: Foul Ball, location: 2F
1-2: Ball
2-2: Strikes out swinging
Top of the 8th over - 0 runs, 1 hit, 0 errors, 1 left on base; San Diego 1 - Bismark 7
BOTTOM OF THE 8TH
Bismark Border Guards batting - Pitching for San Diego Smashers : RHP Andrés Franco
Batting: RHB Enrique Mendoza 0-0: Foul Ball, location: 2F
0-1: Foul Ball, location: 2F
0-2: Foul Ball, location: 2F
0-2: Ball
1-2: SINGLE (Flyball, 7LS)
Batting: RHB Doug Williams 0-0: Ball
Throwing error on steal attempt, E2
Enrique Mendoza to third
1-0: Ball
2-0: Ball
3-0: Base on Balls
Batting: RHB Albert Cordero 0-0: Fly out, F9 (Flyball, 89M)
Runner from 3rd tags up, SCORES, no throw
Batting: RHB António Martínez 0-0: Ball
1-0: Foul Ball, location: 2F
1-1: Ball
2-1: Foul Ball, location: 2F
2-2: Strikes out swinging
Pinch Hitting: RHB Warren Martin 0-0: Called Strike
0-1: Ball
1-1: Ball
2-1: Called Strike
2-2: Ball
3-2: Foul Ball, location: 2F
3-2: Fly out, F5 (Line Drive, 5)
Bottom of the 8th over - 1 run, 1 hit, 1 error, 1 left on base; San Diego 1 - Bismark 8
TOP OF THE 9TH
San Diego Smashers batting - Pitching for Bismark Border Guards : RHP Jim Thompson
Now at 2B: Júlio Romano
Batting: LHB Jon Rogers 0-0: Called Strike
0-1: Ball
1-1: Called Strike
1-2: Strikes out swinging
Batting: RHB Ray Rogers 0-0: Called Strike
0-1: Ball
1-1: Swinging Strike
1-2: Ball
2-2: Ball
3-2: Fly out, F7 (Flyball, 7)
Batting: LHB Vernon Hill 0-0: Ball
1-0: Ball
2-0: Ball
3-0: Base on Balls
Batting: RHB Preston Wooten 0-0: Called Strike
0-1: Swinging Strike
0-2: SINGLE (Groundball, 6MD)
Vernon Hill to second
Batting: LHB Steven Smith 0-0: Ball
1-0: Foul Ball, location: 2F
1-1: Ball
2-1: Ball
3-1: Swinging Strike
3-2: Foul Ball, location: 2F
3-2: Foul Ball, location: 2F
3-2: Base on Balls
Vernon Hill to third
Preston Wooten to second
Pitching: RHP Nick Clark
Batting: LHB Nick Hill 0-0: Foul Ball, location: 2F
0-1: Ball
1-1: Fielders Choice at 2nd, 6-4 (Groundball, 6)
Top of the 9th over - 0 runs, 1 hit, 0 errors, 3 left on base; San Diego 1 - Bismark 8
Saturday, April 7th, 2018 - OOTP Baseball 18.8 Build 76